ARIZONA vs DETROIT

Created - Tuesday, February 20, 2018 at 07:22

Goals
1 2 3 OT1 T
ARIZONA 0 3 1 0 4
DETROIT 2 2 0 1 5
Shots
1 2 3 OT1 T
ARIZONA 9 16 12 0 37
DETROIT 9 15 8 1 33

1st period

1. DETROIT , Alex Galchenyuk 17 (Ryan Murray 24, Josh Gorges 15) at 1:09 (PP)
2. DETROIT , Kyle Palmieri 13 (Dustin Brown 20, Ryan Murray 25) at 10:57

Penalties :
Gabriel Landeskog (ARI) for Hooking (Minor) at 0:38

2nd period

3. ARIZONA , Tomas Plekanec 11 (Adam Larsson 14, Reilly Smith 6) at 6:57 (PP)
4. DETROIT , T.J. Oshie 32 (Oscar Klefbom 31, Kyle Brodziak 6) at 8:27 (PP)
5. ARIZONA , Loui Eriksson 9 (Tomas Plekanec 23, P.K. Subban 31) at 13:17
6. DETROIT , T.J. Oshie 33 (Oscar Klefbom 32, Taylor Hall 36) at 17:35 (PP)
7. ARIZONA , Justin Williams 9 (Mikael Backlund 28, William Nylander 22) at 18:18

Penalties :
P.K. Subban (ARI) for Goalie Interference (Minor) at 0:10, Ryan Murray (DET) for Tripping (Minor) at 6:01, Bryan Rust (ARI) for Hooking (Minor) at 8:04, Adam Larsson (ARI) for Roughing (Minor) at 17:15, Gabriel Landeskog (ARI) for Hooking (Minor) at 19:10

3rd period

8. ARIZONA , Gabriel Landeskog 14 (Sean Couturier 7) at 18:57

Penalties :
Adam Larsson (ARI) for Tripping (Minor) at 4:49, Kyle Palmieri (DET) for Roughing (Minor) at 7:07, Nick Schultz (DET) for Tripping (Minor) at 15:30, Kyle Palmieri (DET) for Goalie Interference (Minor) at 19:59

Overtime #1

9. DETROIT , Taylor Hall 20 (Oscar Klefbom 33) at 2:46

Penalties :
No Penalty

Goalie Stats

Pekka Rinne (ARI), 28 saves from 33 shots - (0.848), OTL, 21-18-5, 62:43 minutes
Michael Hutchinson (DET), 33 saves from 37 shots - (0.892), W, 12-12-2, 62:47 minutes

Players Stats for ARIZONA

Player Name              G  A  P  +/- PIM S  H  SB GA TA FO     MP     PP MP  PK MP  
------------------------------------------------------------------------------------
Adam Larsson             0  1  1   1  4   1  1  1  0  0  0/0    22:56   1:35   2:50 
Alexander Burmistrov     0  0  0   0  0   0  2  0  0  0  2/4     6:15   0:00   0:00 
Brandon Manning          0  0  0  -1  0   0  2  0  0  0  0/0    14:44   0:00   0:36 
Bryan Rust               0  0  0   1  2   1  3  0  0  0  0/0    12:39   0:00   1:03 
Gabriel Landeskog        1  0  1   0  4   8  5  0  0  0  1/3    20:07   3:19   1:16 
Ian Cole                 0  0  0  -1  0   2  3  2  0  0  0/0    22:32   1:35   3:16 
Justin Faulk             0  0  0   1  0   4  3  0  0  0  0/0    24:36   3:19   3:16 
Justin Williams          1  0  1   0  0   1  2  0  0  0  2/5    20:35   3:19   0:00 
Loui Eriksson            1  0  1   1  0   1  0  1  0  0  0/0    11:37   0:00   0:00 
Mikael Backlund          0  1  1  -1  0   3  4  3  0  0  17/32  24:02   3:19   2:16 
Mikhail Grigorenko       0  0  0   0  0   1  0  0  0  0  0/0     6:15   0:00   0:00 
P.K. Subban              0  1  1   3  2   2  3  2  0  0  0/0    25:04   3:19   2:53 
Reilly Smith             0  1  1   1  0   2  1  0  0  0  0/1    20:02   1:35   4:52 
Ron Hainsey              0  0  0  -1  0   0  0  0  0  0  0/0    15:39   0:00   1:31 
Sean Couturier           0  1  1   1  0   3  0  0  0  0  20/33  18:27   0:00   4:52 
Tom Pyatt                0  0  0   0  0   0  0  0  0  0  0/0     6:18   0:00   0:03 
Tomas Plekanec           1  1  2   1  0   3  0  0  0  0  11/21  14:00   1:35   0:00 
William Nylander         0  1  1   0  0   5  0  0  0  0  0/1    18:03   1:35   0:00 

Players Stats for DETROIT

Player Name              G  A  P  +/- PIM S  H  SB GA TA FO     MP     PP MP  PK MP  
------------------------------------------------------------------------------------
Aaron Ekblad             0  0  0   0  0   2  4  2  0  0  0/0    27:55   3:53   4:09 
Alex Galchenyuk          1  0  1   0  0   4  0  0  0  0  15/28  18:08   3:18   0:00 
Cody Goloubef            0  0  0  -2  0   0  3  2  0  0  0/0    13:35   0:00   0:31 
Dustin Brown             0  1  1   0  0   1  3  0  0  0  0/0    18:11   3:18   0:03 
Jay McClement            0  0  0   0  0   0  0  0  0  0  0/0     3:29   0:00   0:00 
Josh Gorges              0  1  1   1  0   0  3  0  0  0  0/0    21:48   3:18   2:44 
Kyle Brodziak            0  1  1   0  0   1  0  0  0  0  7/16    9:30   3:53   2:08 
Kyle Palmieri            1  0  1   1  4   5  2  0  0  0  1/1    19:11   3:18   0:55 
Luke Glendening          0  0  0  -1  0   2  0  0  0  0  5/11   12:57   0:00   0:00 
Matt Martin              0  0  0   0  0   0  2  0  0  0  0/0     3:29   0:00   0:00 
Nick Schultz             0  0  0  -2  2   0  3  0  0  0  0/0    13:03   0:00   0:00 
Oscar Klefbom            0  3  3   0  0   1  1  2  0  0  0/0    24:44   3:53   4:09 
Ryan Murray              0  2  2   1  2   0  0  0  0  0  0/0    21:16   3:18   2:13 
Ryan Pulock              0  0  0   0  0   0  1  0  0  0  0/0     3:11   0:00   0:00 
Ryan Reaves              0  0  0  -1  0   0  0  0  0  0  0/0    12:19   0:00   0:00 
Steven Stamkos           0  0  0  -1  0   4  3  0  0  0  14/24  17:17   0:00   0:00 
T.J. Oshie               2  0  2  -1  0   9  3  0  0  0  0/4    26:27   3:53   4:39 
Taylor Hall              1  1  2   0  0   2  1  0  0  0  5/16   24:45   3:53   3:25 
Valeri Nichushkin        0  0  0   0  0   0  0  0  0  0  0/0     0:00   0:00   0:00 
Yanni Gourde             0  0  0  -1  0   2  0  0  0  0  0/0    12:56   0:00   0:37 

3 Stars

1 - T.J. Oshie (DET)
2 - Oscar Klefbom (DET)
3 - Taylor Hall (DET)

Power Play

ARIZONA - 1 on 4 Attempt(s) - 25.00%
DETROIT - 3 on 6 Attempt(s) - 50.00%

Penalty Kill

ARIZONA - 3 on 6 Attempt(s) - 50.00% - Score 0 goal in Penalty Kill
DETROIT - 3 on 4 Attempt(s) - 75.00% - Score 0 goal in Penalty Kill

Team Stat

ARIZONA - Hits : 29 - Faceoff Wins : 53 - Blocked Shots : 9 - Penalty Minutes : 12
DETROIT - Hits : 29 - Faceoff Wins : 47 - Blocked Shots : 6 - Penalty Minutes : 8

Official

Referees : Unknown
Linesman : Unknown

Game Notes

No Game Note

Finance

Level 1 -- Attendance: 3624 (60.40%) -- Ticket Income $398,640
Level 2 -- Attendance: 3902 (78.04%) -- Ticket Income $234,120
Level 3 -- Attendance: 1408 (70.40%) -- Ticket Income $56,320
Level 4 -- Attendance: 2536 (63.40%) -- Ticket Income $63,400
Luxury Box -- Attendance: 972 (97.20%) -- Ticket Income $174,960
Game was played at the Little Caesars Arena.
Total Attendance: 12442 (69.12%)
Total Ticket Income: $927,440
Total Income: $927,440

ARIZONA

5 vs 5 Forward 
   Center                   Left Wing                Right Wing               Time % Phy DF OF 
 1 Mikael Backlund          William Nylander         Justin Williams          37     0   2  3  
 2 Sean Couturier           Gabriel Landeskog        Reilly Smith             31     1   2  2  
 3 Tomas Plekanec           Bryan Rust               Loui Eriksson            25     1   2  2  
 4 Alexander Burmistrov     Mikhail Grigorenko       Tom Pyatt                7      2   2  1  

5 vs 5 Defense 
   Defense                  Defense                                           Time % Phy DF OF 
 1 P.K. Subban              Justin Faulk                                      35     1   2  2  
 2 Ian Cole                 Adam Larsson                                      33     1   2  2  
 3 Brandon Manning          Ron Hainsey                                       24     1   2  2  
 4 P.K. Subban              Adam Larsson                                      8      1   2  2  

PowerPlay Forward 
   Center                   Left Wing                Right Wing               Time % Phy DF OF 
 1 Mikael Backlund          Gabriel Landeskog        Justin Williams          60     1   1  3  
 2 Tomas Plekanec           William Nylander         Reilly Smith             40     1   1  3  

PowerPlay Defense
   Defense                  Defense                                           Time % Phy DF OF 
 1 P.K. Subban              Justin Faulk                                      60     1   1  3  
 2 Ian Cole                 Adam Larsson                                      40     1   1  3  

Penalty Kill 4 Players Forward 
   Center                   Wing                     Time % Phy DF OF 
 1 Sean Couturier           Reilly Smith             60     1   3  1  
 2 Mikael Backlund          Gabriel Landeskog        40     1   3  1  

Penalty Kill 4 Players Defense
   Defense                  Defense                  Time % Phy DF OF 
 1 P.K. Subban              Adam Larsson             50     1   4  0  
 2 Ian Cole                 Justin Faulk             50     1   4  0  

Penalty Kill - 3 Players Forward 
   Forward                                           Time % Phy DF OF 
 1 Sean Couturier                                    55     1   4  0  
 2 Tomas Plekanec                                    45     1   4  0  

Penalty Kill - 3 Players Defense
   Defense                  Defense                  Time % Phy DF OF 
 1 P.K. Subban              Adam Larsson             60     1   4  0  
 2 Ian Cole                 Justin Faulk             40     1   4  0  

4 vs 4 Forward 
   Center                   Wing                     Time % Phy DF OF 
 1 Mikael Backlund          Gabriel Landeskog        60     1   2  2  
 2 Tomas Plekanec           Justin Williams          40     1   2  2  

4 vs 4 Defense
   Defense                  Defense                  Time % Phy DF OF 
 1 Ian Cole                 Justin Faulk             60     1   2  2  
 2 P.K. Subban              Adam Larsson             40     1   2  2  

Last Minutes Offensive
   Center                   Left Wing                Right Wing               Defense                  Defense                  
   Mikael Backlund          William Nylander         Justin Williams          P.K. Subban              Justin Faulk             

Last Minutes Defensive
   Center                   Left Wing                Right Wing               Defense                  Defense                  
   Mikael Backlund          Gabriel Landeskog        Reilly Smith             P.K. Subban              Adam Larsson             

Goaltenders
Starting : Pekka Rinne              
Backup : Curtis McElhinney        

Extra Forwards
Normal : Sean Couturier, Justin Williams, Alexander Burmistrov - PP : William Nylander, Bryan Rust - PK : Sean Couturier
Extra Defensemen
Normal : Ron Hainsey, Adam Larsson, Ian Cole - PP : Ron Hainsey - PK : Ron Hainsey, Brandon Manning
Penalty Shots
Gabriel Landeskog, Mikael Backlund, Tomas Plekanec, Justin Williams, Sean Couturier

Scratches
John-Michael Liles (Healthy), ARI CAP HIT (Suspend), Carl Gunnarsson (Healthy)

DETROIT

5 vs 5 Forward 
   Center                   Left Wing                Right Wing               Time % Phy DF OF 
 1 Steven Stamkos           Taylor Hall              T.J. Oshie               35     1   2  2  
 2 Alex Galchenyuk          Dustin Brown             Kyle Palmieri            30     1   2  2  
 3 Luke Glendening          Yanni Gourde             Ryan Reaves              25     1   3  1  
 4 Kyle Brodziak            Matt Martin              Jay McClement            10     1   3  1  

5 vs 5 Defense 
   Defense                  Defense                                           Time % Phy DF OF 
 1 Aaron Ekblad             Oscar Klefbom                                     35     1   2  2  
 2 Josh Gorges              Ryan Murray                                       30     1   2  2  
 3 Nick Schultz             Cody Goloubef                                     25     1   2  2  
 4 Ryan Pulock              Aaron Ekblad                                      10     1   2  2  

PowerPlay Forward 
   Center                   Left Wing                Right Wing               Time % Phy DF OF 
 1 Kyle Brodziak            Taylor Hall              T.J. Oshie               60     1   2  2  
 2 Alex Galchenyuk          Dustin Brown             Kyle Palmieri            40     1   2  2  

PowerPlay Defense
   Defense                  Defense                                           Time % Phy DF OF 
 1 Aaron Ekblad             Oscar Klefbom                                     60     1   2  2  
 2 Josh Gorges              Ryan Murray                                       40     1   2  2  

Penalty Kill 4 Players Forward 
   Center                   Wing                     Time % Phy DF OF 
 1 Taylor Hall              T.J. Oshie               60     1   2  2  
 2 Kyle Brodziak            Kyle Palmieri            40     1   2  2  

Penalty Kill 4 Players Defense
   Defense                  Defense                  Time % Phy DF OF 
 1 Aaron Ekblad             Oscar Klefbom            60     1   2  2  
 2 Josh Gorges              Ryan Murray              40     1   2  2  

Penalty Kill - 3 Players Forward 
   Forward                                           Time % Phy DF OF 
 1 T.J. Oshie                                        60     1   2  2  
 2 Kyle Brodziak                                     40     1   2  2  

Penalty Kill - 3 Players Defense
   Defense                  Defense                  Time % Phy DF OF 
 1 Aaron Ekblad             Oscar Klefbom            60     1   2  2  
 2 Josh Gorges              Ryan Murray              40     1   2  2  

4 vs 4 Forward 
   Center                   Wing                     Time % Phy DF OF 
 1 Kyle Brodziak            T.J. Oshie               60     1   2  2  
 2 Taylor Hall              Kyle Palmieri            40     1   2  2  

4 vs 4 Defense
   Defense                  Defense                  Time % Phy DF OF 
 1 Aaron Ekblad             Oscar Klefbom            60     1   2  2  
 2 Josh Gorges              Ryan Murray              40     1   2  2  

Last Minutes Offensive
   Center                   Left Wing                Right Wing               Defense                  Defense                  
   Steven Stamkos           Taylor Hall              T.J. Oshie               Aaron Ekblad             Oscar Klefbom            

Last Minutes Defensive
   Center                   Left Wing                Right Wing               Defense                  Defense                  
   Steven Stamkos           Taylor Hall              T.J. Oshie               Aaron Ekblad             Oscar Klefbom            

Goaltenders
Starting : Michael Hutchinson       
Backup : John Gibson              

Extra Forwards
Normal : Luke Glendening, Kyle Brodziak, Yanni Gourde - PP : Luke Glendening, Kyle Brodziak - PK : Yanni Gourde
Extra Defensemen
Normal : Nick Schultz, Cody Goloubef, Ryan Pulock - PP : Nick Schultz - PK : Cody Goloubef, Ryan Pulock
Penalty Shots
Steven Stamkos, T.J. Oshie, Taylor Hall, Kyle Palmieri, Dustin Brown

Scratches
DET CAP HIT (Suspend)

% Time on Ice - ARIZONA

Lines # - Real PCT - Wanted PCT - Time Play
Normal Forward
1 - 34% - 37% - 16:28
2 - 28% - 31% - 13:35
3 - 24% - 25% - 11:37
4 - 13% - 7% - 6:15
Normal Defense
1 - 33% - 35% - 16:02
2 - 33% - 33% - 15:42
3 - 29% - 24% - 14:08
4 - 4% - 8% - 2:03
PP Forward
1 - 68% - 60% - 3:19
2 - 32% - 40% - 1:35
PP Defense
1 - 68% - 60% - 3:19
2 - 32% - 40% - 1:35
PK Forward
1 - 68% - 60% - 4:55
2 - 32% - 40% - 2:16
PK Defense
1 - 55% - 50% - 3:55
2 - 45% - 50% - 3:16
PK3 Forward
1 - 0% - 55%
2 - 0% - 45%
PK3 Defense
1 - 0% - 60%
2 - 0% - 40%
44 Forward
1 - 71% - 60% - 1:59
2 - 29% - 40% - 0:48
44 Defense
1 - 71% - 60% - 1:59
2 - 29% - 40% - 0:48
Last Minute Offensive  - 0:00
Last Minute Defensive  - 0:00
Total
Forward - 62:47
Defense - 62:47

% Time on Ice - DETROIT

Lines # - Real PCT - Wanted PCT - Time Play
Normal Forward
1 - 36% - 35% - 17:17
2 - 31% - 30% - 14:50
3 - 26% - 25% - 12:19
4 - 7% - 10% - 3:29
Normal Defense
1 - 35% - 35% - 16:32
2 - 32% - 30% - 15:08
3 - 27% - 25% - 13:04
4 - 7% - 10% - 3:11
PP Forward
1 - 54% - 60% - 3:53
2 - 46% - 40% - 3:18
PP Defense
1 - 54% - 60% - 3:53
2 - 46% - 40% - 3:18
PK Forward
1 - 71% - 60% - 3:28
2 - 29% - 40% - 1:26
PK Defense
1 - 57% - 60% - 2:47
2 - 43% - 40% - 2:07
PK3 Forward
1 - 65% - 60% - 1:17
2 - 35% - 40% - 0:42
PK3 Defense
1 - 69% - 60% - 1:22
2 - 31% - 40% - 0:37
44 Forward
1 - 79% - 60% - 0:38
2 - 21% - 40% - 0:10
44 Defense
1 - 21% - 60% - 0:10
2 - 79% - 40% - 0:38
Last Minute Offensive  - 0:00
Last Minute Defensive  - 0:00
Total
Forward - 62:47
Defense - 62:47

Play by Play

1st period


0:01 of 1st period - Steven Stamkos wins face-off versus Mikael Backlund in neutral zone.
0:15 of 1st period - Icing by Aaron Ekblad.
0:16 of 1st period - Sean Couturier wins face-off versus Steven Stamkos in DETROIT zone.
0:38 of 1st period - Minor Penalty to Gabriel Landeskog for Hooking.
0:39 of 1st period - Sean Couturier wins face-off versus Alex Galchenyuk in ARIZONA zone.
1:00 of 1st period - P.K. Subban is hit by Kyle Palmieri and loses puck.
1:07 of 1st period - Shot by Ryan Murray.
1:07 of 1st period - Shot Misses the Net.
1:09 of 1st period - Shot by Alex Galchenyuk.
1:09 of 1st period - Goal by Alex Galchenyuk - ARIZONA : 0 - DETROIT : 1.
1:10 of 1st period - Luke Glendening wins face-off versus Alexander Burmistrov in neutral zone.
1:57 of 1st period - Kyle Palmieri is hit by Alexander Burmistrov and loses puck.
2:23 of 1st period - Off-side.
2:24 of 1st period - Mikael Backlund wins face-off versus Kyle Brodziak in neutral zone.
2:43 of 1st period - Off-side.
2:44 of 1st period - Steven Stamkos wins face-off versus Sean Couturier in neutral zone.
3:13 of 1st period - Shot by Gabriel Landeskog.
3:13 of 1st period - Stopped by Michael Hutchinson with a rebound.
3:15 of 1st period - Shot by Gabriel Landeskog.
3:15 of 1st period - Stopped by Michael Hutchinson without a rebound.
3:16 of 1st period - Alex Galchenyuk wins face-off versus Mikael Backlund in DETROIT zone.
3:21 of 1st period - Ian Cole is hit by Dustin Brown and loses puck.
3:26 of 1st period - Shot by Alex Galchenyuk.
3:26 of 1st period - Stopped by Pekka Rinne without a rebound.
3:27 of 1st period - Tomas Plekanec wins face-off versus Luke Glendening in ARIZONA zone.
3:57 of 1st period - Off-side.
3:58 of 1st period - Alex Galchenyuk wins face-off versus Justin Williams in neutral zone.
4:20 of 1st period - Shot by Alex Galchenyuk.
4:20 of 1st period - Shot Hit the Post.
4:23 of 1st period - Icing by Justin Williams.
4:24 of 1st period - Steven Stamkos wins face-off versus William Nylander in ARIZONA zone.
4:25 of 1st period - Shot by Aaron Ekblad.
4:25 of 1st period - Shot Misses the Net.
4:27 of 1st period - Shot by T.J. Oshie.
4:27 of 1st period - Stopped by Pekka Rinne with a rebound.
4:29 of 1st period - Shot by T.J. Oshie.
4:29 of 1st period - The goal is going for a video replay.
4:29 of 1st period - The goal is refused.
4:30 of 1st period - Sean Couturier wins face-off versus Taylor Hall in ARIZONA zone.
4:43 of 1st period - Aaron Ekblad is hit by Gabriel Landeskog and loses puck.
4:56 of 1st period - Shot by Gabriel Landeskog.
4:56 of 1st period - Stopped by Michael Hutchinson without a rebound.
4:57 of 1st period - Alex Galchenyuk wins face-off versus Mikael Backlund in DETROIT zone.
4:57 of 1st period - Alex Galchenyuk is hit by Mikael Backlund.
5:00 of 1st period - Kyle Palmieri is hit by Mikael Backlund and loses puck.
6:14 of 1st period - Off-side.
6:15 of 1st period - Sean Couturier wins face-off versus Steven Stamkos in neutral zone.
6:15 of 1st period - Sean Couturier is hit by Taylor Hall.
6:46 of 1st period - Oscar Klefbom is hit by Gabriel Landeskog and loses puck.
7:08 of 1st period - Icing by Ron Hainsey.
7:09 of 1st period - Sean Couturier wins face-off versus Luke Glendening in ARIZONA zone.
7:24 of 1st period - Shot by Yanni Gourde.
7:24 of 1st period - Stopped by Pekka Rinne with a rebound.
7:26 of 1st period - Shot by Luke Glendening.
7:26 of 1st period - Deflect By Ryan Reaves.
7:26 of 1st period - Shot Misses the Net.
7:28 of 1st period - Shot by Luke Glendening.
7:28 of 1st period - Shot Misses the Net.
7:33 of 1st period - Shot by Luke Glendening.
7:33 of 1st period - Shot Misses the Net.
7:35 of 1st period - Shot by Luke Glendening.
7:35 of 1st period - Shot Blocked by P.K. Subban.
7:37 of 1st period - Shot by Luke Glendening.
7:37 of 1st period - Stopped by Pekka Rinne without a rebound.
7:38 of 1st period - Kyle Brodziak wins face-off versus Mikael Backlund in ARIZONA zone.
7:43 of 1st period - Shot by Jay McClement.
7:43 of 1st period - Shot Blocked by Ian Cole.
8:20 of 1st period - Off-side.
8:21 of 1st period - Tomas Plekanec wins face-off versus Steven Stamkos in neutral zone.
8:24 of 1st period - Shot by Justin Faulk.
8:24 of 1st period - Stopped by Michael Hutchinson without a rebound.
8:25 of 1st period - Tomas Plekanec wins face-off versus Luke Glendening in DETROIT zone.
10:42 of 1st period - Mikael Backlund is hit by T.J. Oshie and loses puck.
10:46 of 1st period - Icing by Justin Williams.
10:47 of 1st period - Alex Galchenyuk wins face-off versus Mikael Backlund in ARIZONA zone.
10:47 of 1st period - Alex Galchenyuk is hit by Brandon Manning.
10:53 of 1st period - Shot by Dustin Brown.
10:53 of 1st period - Shot Blocked by Mikael Backlund.
10:55 of 1st period - Shot by Kyle Palmieri.
10:55 of 1st period - Stopped by Pekka Rinne with a rebound.
10:57 of 1st period - Shot by Kyle Palmieri.
10:57 of 1st period - Goal by Kyle Palmieri - ARIZONA : 0 - DETROIT : 2.
10:58 of 1st period - Tomas Plekanec wins face-off versus Kyle Brodziak in neutral zone.
11:06 of 1st period - Off-side.
11:07 of 1st period - Alexander Burmistrov wins face-off versus Alex Galchenyuk in neutral zone.
11:50 of 1st period - Shot by Alex Galchenyuk.
11:50 of 1st period - Shot Misses the Net.
12:10 of 1st period - Shot by Aaron Ekblad.
12:10 of 1st period - Shot Misses the Net.
12:43 of 1st period - Shot by Mikael Backlund.
12:43 of 1st period - Stopped by Michael Hutchinson with a rebound.
12:45 of 1st period - Shot by William Nylander.
12:45 of 1st period - Stopped by Michael Hutchinson without a rebound.
12:46 of 1st period - Tomas Plekanec wins face-off versus Kyle Brodziak in DETROIT zone.
13:06 of 1st period - Off-side.
13:07 of 1st period - Sean Couturier wins face-off versus Alex Galchenyuk in neutral zone.
13:38 of 1st period - Shot by Sean Couturier.
13:38 of 1st period - Stopped by Michael Hutchinson with a rebound.
13:40 of 1st period - Shot by P.K. Subban.
13:40 of 1st period - Stopped by Michael Hutchinson without a rebound.
13:41 of 1st period - Steven Stamkos wins face-off versus Tomas Plekanec in DETROIT zone.
13:47 of 1st period - Taylor Hall is hit by Ian Cole and loses puck.
14:00 of 1st period - Shot by Bryan Rust.
14:00 of 1st period - Shot Hit the Post.
14:02 of 1st period - Shot by Adam Larsson.
14:02 of 1st period - Shot Misses the Net.
14:22 of 1st period - Shot by Bryan Rust.
14:22 of 1st period - Shot Misses the Net.
14:24 of 1st period - Shot by Loui Eriksson.
14:24 of 1st period - Shot Misses the Net.
15:26 of 1st period - T.J. Oshie is hit by Reilly Smith and loses puck.
15:35 of 1st period - Shot by Gabriel Landeskog.
15:35 of 1st period - Stopped by Michael Hutchinson without a rebound.
15:36 of 1st period - Alex Galchenyuk wins face-off versus Alexander Burmistrov in DETROIT zone.
15:36 of 1st period - Alex Galchenyuk is hit by Alexander Burmistrov.
16:14 of 1st period - Kyle Palmieri is hit by Ian Cole and loses puck.
16:34 of 1st period - Ian Cole is hit by Nick Schultz and loses puck.
17:00 of 1st period - Icing by P.K. Subban.
17:01 of 1st period - Sean Couturier wins face-off versus Kyle Brodziak in ARIZONA zone.
17:05 of 1st period - P.K. Subban is hit by Matt Martin and loses puck.
17:50 of 1st period - Kyle Palmieri is hit by P.K. Subban and loses puck.
18:16 of 1st period - Brandon Manning is hit by Ryan Pulock and loses puck.
18:31 of 1st period - Shot by Luke Glendening.
18:31 of 1st period - Shot Misses the Net.
18:33 of 1st period - Shot by Ryan Reaves.
18:33 of 1st period - Shot Misses the Net.
18:35 of 1st period - Shot by Ryan Pulock.
18:35 of 1st period - Shot Blocked by Mikael Backlund.
18:37 of 1st period - Shot by Yanni Gourde.
18:37 of 1st period - Stopped by Pekka Rinne without a rebound.
18:38 of 1st period - Tomas Plekanec wins face-off versus Steven Stamkos in ARIZONA zone.
18:38 of 1st period - Bryan Rust is hit by Steven Stamkos and loses puck.
19:57 of 1st period - Tom Pyatt is hit by Josh Gorges and loses puck.
Goals for this period are 0 for ARIZONA vs 2 for DETROIT.
Shots for this period are 9 for ARIZONA vs 9 for DETROIT.

2nd period


0:01 of 2nd period - Mikael Backlund wins face-off versus Luke Glendening in neutral zone.
0:10 of 2nd period - Minor Penalty to P.K. Subban for Goalie Interference.
0:11 of 2nd period - Sean Couturier wins face-off versus Kyle Brodziak in ARIZONA zone.
0:44 of 2nd period - Sean Couturier is hit by T.J. Oshie.
1:10 of 2nd period - Shot by Sean Couturier.
1:10 of 2nd period - Stopped by Michael Hutchinson with a rebound.
1:30 of 2nd period - Icing by Josh Gorges.
1:31 of 2nd period - Alex Galchenyuk wins face-off versus Mikael Backlund in DETROIT zone.
1:35 of 2nd period - Josh Gorges is hit by Justin Faulk and loses puck.
2:17 of 2nd period - Justin Faulk is hit by Cody Goloubef and loses puck.
2:38 of 2nd period - Shot by Bryan Rust.
2:38 of 2nd period - Shot Blocked by Cody Goloubef.
2:42 of 2nd period - Shot by Bryan Rust.
2:42 of 2nd period - Shot Misses the Net.
2:44 of 2nd period - Shot by Tomas Plekanec.
2:44 of 2nd period - Stopped by Michael Hutchinson without a rebound.
2:45 of 2nd period - Mikael Backlund wins face-off versus Steven Stamkos in DETROIT zone.
2:57 of 2nd period - Icing by Aaron Ekblad.
2:58 of 2nd period - Alexander Burmistrov wins face-off versus T.J. Oshie in DETROIT zone.
3:42 of 2nd period - Shot by Steven Stamkos.
3:42 of 2nd period - Stopped by Pekka Rinne without a rebound.
3:43 of 2nd period - Alex Galchenyuk wins face-off versus Mikael Backlund in ARIZONA zone.
4:33 of 2nd period - Icing by P.K. Subban.
4:34 of 2nd period - Luke Glendening wins face-off versus Mikael Backlund in ARIZONA zone.
4:48 of 2nd period - Shot by Luke Glendening.
4:48 of 2nd period - Stopped by Pekka Rinne without a rebound.
4:49 of 2nd period - Gabriel Landeskog wins face-off versus Steven Stamkos in ARIZONA zone.
4:58 of 2nd period - Shot by T.J. Oshie.
4:58 of 2nd period - Stopped by Pekka Rinne without a rebound.
4:59 of 2nd period - Luke Glendening wins face-off versus Sean Couturier in ARIZONA zone.
5:47 of 2nd period - Reilly Smith is hit by Josh Gorges and loses puck.
6:01 of 2nd period - Minor Penalty to Ryan Murray for Tripping.
6:02 of 2nd period - Taylor Hall wins face-off versus Gabriel Landeskog in DETROIT zone.
6:14 of 2nd period - Icing by Justin Faulk.
6:15 of 2nd period - Mikael Backlund wins face-off versus Taylor Hall in ARIZONA zone.
6:23 of 2nd period - Icing by Justin Faulk.
6:24 of 2nd period - Taylor Hall wins face-off versus Mikael Backlund in ARIZONA zone.
6:41 of 2nd period - Shot by Justin Faulk.
6:41 of 2nd period - Stopped by Michael Hutchinson without a rebound.
6:42 of 2nd period - Taylor Hall wins face-off versus Tomas Plekanec in DETROIT zone.
6:57 of 2nd period - Shot by Adam Larsson.
6:57 of 2nd period - Deflect By Tomas Plekanec.
6:57 of 2nd period - Goal by Tomas Plekanec - ARIZONA : 1 - DETROIT : 2.
6:58 of 2nd period - Alex Galchenyuk wins face-off versus Justin Williams in neutral zone.
8:04 of 2nd period - Minor Penalty to Bryan Rust for Hooking.
8:05 of 2nd period - Kyle Brodziak wins face-off versus Sean Couturier in ARIZONA zone.
8:05 of 2nd period - Kyle Brodziak is hit by Adam Larsson.
8:27 of 2nd period - Shot by T.J. Oshie.
8:27 of 2nd period - Goal by T.J. Oshie - ARIZONA : 1 - DETROIT : 3.
8:28 of 2nd period - Tomas Plekanec wins face-off versus Luke Glendening in neutral zone.
8:48 of 2nd period - Shot by Luke Glendening.
8:48 of 2nd period - Shot Misses the Net.
9:53 of 2nd period - Shot by Justin Williams.
9:53 of 2nd period - Deflect By Mikael Backlund.
9:53 of 2nd period - Stopped by Michael Hutchinson without a rebound.
9:54 of 2nd period - Alex Galchenyuk wins face-off versus Sean Couturier in DETROIT zone.
10:21 of 2nd period - Shot by Gabriel Landeskog.
10:21 of 2nd period - Stopped by Michael Hutchinson without a rebound.
10:22 of 2nd period - Mikael Backlund wins face-off versus Kyle Brodziak in DETROIT zone.
10:55 of 2nd period - Shot by William Nylander.
10:55 of 2nd period - Stopped by Michael Hutchinson without a rebound.
10:56 of 2nd period - Steven Stamkos wins face-off versus Reilly Smith in DETROIT zone.
11:00 of 2nd period - Aaron Ekblad is hit by Justin Faulk and loses puck.
11:07 of 2nd period - Shot by Gabriel Landeskog.
11:07 of 2nd period - Stopped by Michael Hutchinson with a rebound.
11:09 of 2nd period - Shot by Justin Faulk.
11:09 of 2nd period - Shot Misses the Net.
11:11 of 2nd period - Shot by Justin Faulk.
11:11 of 2nd period - Shot Misses the Net.
11:13 of 2nd period - Shot by Gabriel Landeskog.
11:13 of 2nd period - Shot Misses the Net.
11:15 of 2nd period - Shot by Reilly Smith.
11:15 of 2nd period - Stopped by Michael Hutchinson without a rebound.
11:16 of 2nd period - Alex Galchenyuk wins face-off versus Tomas Plekanec in DETROIT zone.
11:16 of 2nd period - Alex Galchenyuk is hit by Bryan Rust.
11:28 of 2nd period - Shot by Bryan Rust.
11:28 of 2nd period - Stopped by Michael Hutchinson without a rebound.
11:29 of 2nd period - Steven Stamkos wins face-off versus Mikael Backlund in DETROIT zone.
11:29 of 2nd period - Steven Stamkos is hit by Mikael Backlund.
11:41 of 2nd period - Shot by Steven Stamkos.
11:41 of 2nd period - Shot Misses the Net.
11:43 of 2nd period - Shot by Aaron Ekblad.
11:43 of 2nd period - Stopped by Pekka Rinne with a rebound.
11:45 of 2nd period - Shot by Steven Stamkos.
11:45 of 2nd period - Deflect By T.J. Oshie.
11:45 of 2nd period - Stopped by Pekka Rinne without a rebound.
11:46 of 2nd period - Luke Glendening wins face-off versus Sean Couturier in ARIZONA zone.
12:52 of 2nd period - Shot by Steven Stamkos.
12:52 of 2nd period - Shot Misses the Net.
12:58 of 2nd period - Shot by Mikael Backlund.
12:58 of 2nd period - Stopped by Michael Hutchinson without a rebound.
12:59 of 2nd period - Tomas Plekanec wins face-off versus Alex Galchenyuk in DETROIT zone.
12:59 of 2nd period - Bryan Rust is hit by Nick Schultz and loses puck.
13:17 of 2nd period - Shot by Loui Eriksson.
13:17 of 2nd period - Goal by Loui Eriksson - ARIZONA : 2 - DETROIT : 3.
13:18 of 2nd period - Kyle Brodziak wins face-off versus Mikael Backlund in neutral zone.
13:20 of 2nd period - Aaron Ekblad is hit by Mikael Backlund and loses puck.
13:36 of 2nd period - Shot by Justin Williams.
13:36 of 2nd period - Deflect By William Nylander.
13:36 of 2nd period - Stopped by Michael Hutchinson with a rebound.
13:38 of 2nd period - Shot by Adam Larsson.
13:38 of 2nd period - Stopped by Michael Hutchinson without a rebound.
13:39 of 2nd period - Steven Stamkos wins face-off versus Sean Couturier in DETROIT zone.
13:39 of 2nd period - Steven Stamkos is hit by Gabriel Landeskog.
13:56 of 2nd period - Icing by Steven Stamkos.
13:57 of 2nd period - Mikael Backlund wins face-off versus Taylor Hall in DETROIT zone.
14:04 of 2nd period - Shot by William Nylander.
14:04 of 2nd period - Shot Misses the Net.
14:43 of 2nd period - Icing by Taylor Hall.
14:44 of 2nd period - Sean Couturier wins face-off versus Steven Stamkos in DETROIT zone.
15:00 of 2nd period - Icing by Nick Schultz.
15:01 of 2nd period - Steven Stamkos wins face-off versus Tomas Plekanec in DETROIT zone.
15:03 of 2nd period - Icing by Taylor Hall.
15:04 of 2nd period - Steven Stamkos wins face-off versus Tomas Plekanec in DETROIT zone.
15:04 of 2nd period - Taylor Hall is hit by Bryan Rust and loses puck.
15:28 of 2nd period - Aaron Ekblad is hit by P.K. Subban and loses puck.
15:36 of 2nd period - Dustin Brown is hit by Justin Faulk and loses puck.
15:53 of 2nd period - Alex Galchenyuk is hit by P.K. Subban and loses puck.
15:56 of 2nd period - Shot by Dustin Brown.
15:56 of 2nd period - Stopped by Pekka Rinne with a rebound.
15:58 of 2nd period - Shot by Aaron Ekblad.
15:58 of 2nd period - Shot Blocked by P.K. Subban.
16:28 of 2nd period - Shot by William Nylander.
16:28 of 2nd period - Stopped by Michael Hutchinson without a rebound.
16:29 of 2nd period - Kyle Brodziak wins face-off versus Sean Couturier in DETROIT zone.
16:29 of 2nd period - Kyle Brodziak is hit by Gabriel Landeskog.
16:40 of 2nd period - Shot by Kyle Brodziak.
16:40 of 2nd period - Stopped by Pekka Rinne without a rebound.
16:41 of 2nd period - Steven Stamkos wins face-off versus Mikael Backlund in ARIZONA zone.
16:46 of 2nd period - Shot by Steven Stamkos.
16:46 of 2nd period - Stopped by Pekka Rinne without a rebound.
16:47 of 2nd period - Justin Williams wins face-off versus Alex Galchenyuk in ARIZONA zone.
17:12 of 2nd period - Shot by Kyle Palmieri.
17:12 of 2nd period - Stopped by Pekka Rinne with a rebound.
17:14 of 2nd period - Shot by Ryan Murray.
17:14 of 2nd period - Shot Misses the Net.
17:15 of 2nd period - Minor Penalty to Adam Larsson for Roughing.
17:16 of 2nd period - Sean Couturier wins face-off versus Taylor Hall in ARIZONA zone.
17:31 of 2nd period - Shot by T.J. Oshie.
17:31 of 2nd period - Shot Blocked by Ian Cole.
17:33 of 2nd period - Shot by Oscar Klefbom.
17:33 of 2nd period - Shot Misses the Net.
17:35 of 2nd period - Shot by T.J. Oshie.
17:35 of 2nd period - Goal by T.J. Oshie - ARIZONA : 2 - DETROIT : 4.
17:36 of 2nd period - Mikael Backlund wins face-off versus Luke Glendening in neutral zone.
17:39 of 2nd period - Nick Schultz is hit by Justin Williams and loses puck.
18:06 of 2nd period - Shot by Justin Williams.
18:06 of 2nd period - Shot Blocked by Cody Goloubef.
18:18 of 2nd period - Shot by Mikael Backlund.
18:18 of 2nd period - Deflect By Justin Williams.
18:18 of 2nd period - Goal by Justin Williams - ARIZONA : 3 - DETROIT : 4.
18:19 of 2nd period - Steven Stamkos wins face-off versus Sean Couturier in neutral zone.
18:19 of 2nd period - Steven Stamkos is hit by Gabriel Landeskog.
18:30 of 2nd period - Shot by T.J. Oshie.
18:30 of 2nd period - Shot Misses the Net.
18:32 of 2nd period - Shot by Aaron Ekblad.
18:32 of 2nd period - Stopped by Pekka Rinne with a rebound.
18:34 of 2nd period - Shot by Steven Stamkos.
18:34 of 2nd period - Stopped by Pekka Rinne with a rebound.
18:36 of 2nd period - Shot by Oscar Klefbom.
18:36 of 2nd period - Stopped by Pekka Rinne with a rebound.
18:59 of 2nd period - Icing by Brandon Manning.
19:00 of 2nd period - Sean Couturier wins face-off versus Alex Galchenyuk in ARIZONA zone.
19:10 of 2nd period - Minor Penalty to Gabriel Landeskog for Hooking.
19:11 of 2nd period - Alex Galchenyuk wins face-off versus Sean Couturier in ARIZONA zone.
19:16 of 2nd period - Shot by Alex Galchenyuk.
19:16 of 2nd period - Stopped by Pekka Rinne without a rebound.
19:17 of 2nd period - Kyle Brodziak wins face-off versus Sean Couturier in ARIZONA zone.
Goals for this period are 3 for ARIZONA vs 2 for DETROIT.
Shots for this period are 16 for ARIZONA vs 15 for DETROIT.

3rd period


0:01 of 3rd period - Sean Couturier wins face-off versus Kyle Brodziak in neutral zone.
0:32 of 3rd period - Shot by T.J. Oshie.
0:32 of 3rd period - Stopped by Pekka Rinne without a rebound.
0:33 of 3rd period - Sean Couturier wins face-off versus Alex Galchenyuk in ARIZONA zone.
0:33 of 3rd period - Sean Couturier is hit by Dustin Brown.
1:15 of 3rd period - Shot by Yanni Gourde.
1:15 of 3rd period - Shot Misses the Net.
1:24 of 3rd period - Ryan Reaves is hit by Brandon Manning and loses puck.
1:33 of 3rd period - Shot by Luke Glendening.
1:33 of 3rd period - Shot Misses the Net.
2:07 of 3rd period - Shot by Steven Stamkos.
2:07 of 3rd period - Shot Misses the Net.
2:09 of 3rd period - Shot by Taylor Hall.
2:09 of 3rd period - Stopped by Pekka Rinne without a rebound.
2:10 of 3rd period - Sean Couturier wins face-off versus Alex Galchenyuk in ARIZONA zone.
3:35 of 3rd period - Icing by Steven Stamkos.
3:36 of 3rd period - Steven Stamkos wins face-off versus Tomas Plekanec in DETROIT zone.
3:36 of 3rd period - T.J. Oshie is hit by Bryan Rust and loses puck.
3:48 of 3rd period - Bryan Rust is hit by Aaron Ekblad.
4:05 of 3rd period - Tomas Plekanec is hit by Steven Stamkos and loses puck.
4:17 of 3rd period - Bryan Rust is hit by Aaron Ekblad and loses puck.
4:41 of 3rd period - Yanni Gourde is hit by Ian Cole and loses puck.
4:49 of 3rd period - Minor Penalty to Adam Larsson for Tripping.
4:50 of 3rd period - Sean Couturier wins face-off versus Alex Galchenyuk in ARIZONA zone.
6:09 of 3rd period - Shot by T.J. Oshie.
6:09 of 3rd period - Stopped by Pekka Rinne without a rebound.
6:10 of 3rd period - Mikael Backlund wins face-off versus Kyle Brodziak in ARIZONA zone.
7:05 of 3rd period - Icing by Ron Hainsey.
7:06 of 3rd period - Tomas Plekanec wins face-off versus Alex Galchenyuk in ARIZONA zone.
7:06 of 3rd period - Tomas Plekanec is hit by Dustin Brown.
7:07 of 3rd period - Minor Penalty to Kyle Palmieri for Roughing.
7:08 of 3rd period - Mikael Backlund wins face-off versus Taylor Hall in DETROIT zone.
7:26 of 3rd period - Icing by Justin Williams.
7:27 of 3rd period - Mikael Backlund wins face-off versus Taylor Hall in ARIZONA zone.
7:35 of 3rd period - Icing by Mikael Backlund.
7:36 of 3rd period - Taylor Hall wins face-off versus Gabriel Landeskog in ARIZONA zone.
7:43 of 3rd period - Shot by Justin Faulk.
7:43 of 3rd period - Shot Misses the Net.
7:45 of 3rd period - Shot by Justin Faulk.
7:45 of 3rd period - Stopped by Michael Hutchinson without a rebound.
7:46 of 3rd period - Tomas Plekanec wins face-off versus Taylor Hall in DETROIT zone.
7:54 of 3rd period - Shot by William Nylander.
7:54 of 3rd period - Shot Misses the Net.
7:56 of 3rd period - Shot by Tomas Plekanec.
7:56 of 3rd period - Shot Misses the Net.
7:58 of 3rd period - Shot by Ian Cole.
7:58 of 3rd period - Shot Hit the Post.
8:00 of 3rd period - Shot by Ian Cole.
8:00 of 3rd period - Shot Misses the Net.
8:02 of 3rd period - Shot by Tomas Plekanec.
8:02 of 3rd period - Deflect By William Nylander.
8:02 of 3rd period - Shot Misses the Net.
8:04 of 3rd period - Shot by Ian Cole.
8:04 of 3rd period - Stopped by Michael Hutchinson without a rebound.
8:05 of 3rd period - Kyle Brodziak wins face-off versus Mikael Backlund in DETROIT zone.
8:35 of 3rd period - Shot by Justin Faulk.
8:35 of 3rd period - Stopped by Michael Hutchinson without a rebound.
8:36 of 3rd period - Taylor Hall wins face-off versus Tomas Plekanec in DETROIT zone.
8:59 of 3rd period - Shot by Reilly Smith.
8:59 of 3rd period - Stopped by Michael Hutchinson without a rebound.
9:00 of 3rd period - Justin Williams wins face-off versus Taylor Hall in DETROIT zone.
9:13 of 3rd period - Shot by Alexander Burmistrov.
9:13 of 3rd period - Shot Misses the Net.
9:24 of 3rd period - Shot by Mikhail Grigorenko.
9:24 of 3rd period - Stopped by Michael Hutchinson without a rebound.
9:25 of 3rd period - Luke Glendening wins face-off versus Mikael Backlund in DETROIT zone.
9:25 of 3rd period - Luke Glendening is hit by Justin Williams.
9:51 of 3rd period - Shot by Luke Glendening.
9:51 of 3rd period - Shot Blocked by Mikael Backlund.
10:06 of 3rd period - Mikael Backlund is hit by Aaron Ekblad and loses puck.
10:29 of 3rd period - Shot by Taylor Hall.
10:29 of 3rd period - Shot Misses the Net.
10:31 of 3rd period - Shot by T.J. Oshie.
10:31 of 3rd period - Stopped by Pekka Rinne without a rebound.
10:32 of 3rd period - Alex Galchenyuk wins face-off versus Sean Couturier in ARIZONA zone.
10:33 of 3rd period - Shot by Dustin Brown.
10:33 of 3rd period - Shot Misses the Net.
10:43 of 3rd period - Shot by Sean Couturier.
10:43 of 3rd period - Stopped by Michael Hutchinson without a rebound.
10:44 of 3rd period - Steven Stamkos wins face-off versus Tomas Plekanec in DETROIT zone.
11:05 of 3rd period - Shot by Taylor Hall.
11:05 of 3rd period - Shot Misses the Net.
11:11 of 3rd period - Shot by Steven Stamkos.
11:11 of 3rd period - Shot Blocked by Loui Eriksson.
11:45 of 3rd period - Shot by Kyle Palmieri.
11:45 of 3rd period - Stopped by Pekka Rinne without a rebound.
11:46 of 3rd period - Sean Couturier wins face-off versus Kyle Brodziak in ARIZONA zone.
11:46 of 3rd period - Sean Couturier is hit by Matt Martin.
12:00 of 3rd period - Off-side.
12:01 of 3rd period - Kyle Palmieri wins face-off versus Mikael Backlund in neutral zone.
12:06 of 3rd period - Shot by Alex Galchenyuk.
12:06 of 3rd period - Stopped by Pekka Rinne without a rebound.
12:07 of 3rd period - Mikael Backlund wins face-off versus Alex Galchenyuk in ARIZONA zone.
12:12 of 3rd period - Shot by Oscar Klefbom.
12:12 of 3rd period - Shot Blocked by Adam Larsson.
12:37 of 3rd period - William Nylander is hit by Oscar Klefbom and loses puck.
12:57 of 3rd period - Icing by Dustin Brown.
12:58 of 3rd period - Alex Galchenyuk wins face-off versus Sean Couturier in DETROIT zone.
13:09 of 3rd period - Shot by Sean Couturier.
13:09 of 3rd period - Deflect By Gabriel Landeskog.
13:09 of 3rd period - Shot Misses the Net.
13:11 of 3rd period - Shot by P.K. Subban.
13:11 of 3rd period - Shot Blocked by Aaron Ekblad.
13:13 of 3rd period - Shot by Reilly Smith.
13:13 of 3rd period - Shot Blocked by Oscar Klefbom.
13:15 of 3rd period - Shot by Justin Faulk.
13:15 of 3rd period - Shot Blocked by Oscar Klefbom.
13:33 of 3rd period - Icing by P.K. Subban.
13:34 of 3rd period - Sean Couturier wins face-off versus Steven Stamkos in ARIZONA zone.
13:43 of 3rd period - Shot by Sean Couturier.
13:43 of 3rd period - Shot Misses the Net.
14:32 of 3rd period - Mikael Backlund is hit by Josh Gorges and loses puck.
14:37 of 3rd period - Shot by Mikael Backlund.
14:37 of 3rd period - Shot Misses the Net.
14:39 of 3rd period - Shot by Justin Williams.
14:39 of 3rd period - Shot Misses the Net.
14:41 of 3rd period - Shot by Justin Williams.
14:41 of 3rd period - Shot Misses the Net.
15:00 of 3rd period - Tomas Plekanec is hit by Cody Goloubef and loses puck.
15:04 of 3rd period - Tomas Plekanec is hit by Cody Goloubef and loses puck.
15:22 of 3rd period - Tomas Plekanec is hit by Nick Schultz and loses puck.
15:30 of 3rd period - Minor Penalty to Nick Schultz for Tripping.
15:31 of 3rd period - Kyle Brodziak wins face-off versus Justin Williams in DETROIT zone.
15:56 of 3rd period - Shot by P.K. Subban.
15:56 of 3rd period - Stopped by Michael Hutchinson without a rebound.
15:57 of 3rd period - Tomas Plekanec wins face-off versus Taylor Hall in DETROIT zone.
16:12 of 3rd period - Shot by Tomas Plekanec.
16:12 of 3rd period - Shot Misses the Net.
16:14 of 3rd period - Shot by Adam Larsson.
16:14 of 3rd period - Shot Misses the Net.
16:16 of 3rd period - Shot by Adam Larsson.
16:16 of 3rd period - Shot Blocked by Aaron Ekblad.
16:18 of 3rd period - Shot by Ian Cole.
16:18 of 3rd period - Stopped by Michael Hutchinson without a rebound.
16:19 of 3rd period - Mikael Backlund wins face-off versus Taylor Hall in DETROIT zone.
16:37 of 3rd period - Icing by Justin Williams.
16:38 of 3rd period - Mikael Backlund wins face-off versus Taylor Hall in ARIZONA zone.
16:44 of 3rd period - P.K. Subban is hit by Aaron Ekblad and loses puck.
17:27 of 3rd period - Shot by Reilly Smith.
17:27 of 3rd period - Shot Misses the Net.
17:29 of 3rd period - Shot by Ian Cole.
17:29 of 3rd period - Shot Misses the Net.
18:25 of 3rd period - Icing by Josh Gorges.
18:26 of 3rd period - Alex Galchenyuk wins face-off versus Tomas Plekanec in DETROIT zone.
18:53 of 3rd period - ARIZONA, Pekka Rinne is pulled from the net.
18:55 of 3rd period - Shot by Tomas Plekanec.
18:55 of 3rd period - Stopped by Michael Hutchinson without a rebound.
18:56 of 3rd period - Sean Couturier wins face-off versus Steven Stamkos in DETROIT zone.
18:57 of 3rd period - Shot by Gabriel Landeskog.
18:57 of 3rd period - Goal by Gabriel Landeskog - ARIZONA : 4 - DETROIT : 4.
18:57 of 3rd period - Pekka Rinne from ARIZONA was sent back in the game.
18:58 of 3rd period - Steven Stamkos wins face-off versus Sean Couturier in neutral zone.
19:03 of 3rd period - Shot by Steven Stamkos.
19:03 of 3rd period - Stopped by Pekka Rinne without a rebound.
19:04 of 3rd period - Sean Couturier wins face-off versus Steven Stamkos in ARIZONA zone.
19:04 of 3rd period - Sean Couturier is hit by T.J. Oshie.
19:13 of 3rd period - Sean Couturier is hit by Steven Stamkos and loses puck.
19:32 of 3rd period - Shot by Gabriel Landeskog.
19:32 of 3rd period - Shot Misses the Net.
19:34 of 3rd period - Shot by Reilly Smith.
19:34 of 3rd period - Deflect By Gabriel Landeskog.
19:34 of 3rd period - Stopped by Michael Hutchinson without a rebound.
19:35 of 3rd period - Mikael Backlund wins face-off versus Alex Galchenyuk in DETROIT zone.
19:38 of 3rd period - Shot by William Nylander.
19:38 of 3rd period - Stopped by Michael Hutchinson with a rebound.
19:45 of 3rd period - Icing by Josh Gorges.
19:46 of 3rd period - Alex Galchenyuk wins face-off versus Tomas Plekanec in DETROIT zone.
19:51 of 3rd period - Shot by Kyle Palmieri.
19:51 of 3rd period - Stopped by Pekka Rinne without a rebound.
19:52 of 3rd period - Sean Couturier wins face-off versus Alex Galchenyuk in ARIZONA zone.
19:52 of 3rd period - Sean Couturier is hit by Kyle Palmieri.
19:59 of 3rd period - Minor Penalty to Kyle Palmieri for Goalie Interference.
Goals for this period are 1 for ARIZONA vs 0 for DETROIT.
Shots for this period are 12 for ARIZONA vs 8 for DETROIT.

Overtime #1


0:01 of 1st overtime period - Mikael Backlund wins face-off versus T.J. Oshie in neutral zone.
0:37 of 1st overtime period - Icing by Gabriel Landeskog.
0:38 of 1st overtime period - Mikael Backlund wins face-off versus T.J. Oshie in ARIZONA zone.
0:56 of 1st overtime period - Icing by Justin Faulk.
0:57 of 1st overtime period - Mikael Backlund wins face-off versus T.J. Oshie in ARIZONA zone.
2:20 of 1st overtime period - Shot by T.J. Oshie.
2:20 of 1st overtime period - Shot Misses the Net.
2:22 of 1st overtime period - Shot by Luke Glendening.
2:22 of 1st overtime period - Shot Misses the Net.
2:24 of 1st overtime period - Shot by Luke Glendening.
2:24 of 1st overtime period - Shot Misses the Net.
2:46 of 1st overtime period - Shot by Taylor Hall.
2:46 of 1st overtime period - Goal by Taylor Hall - ARIZONA : 4 - DETROIT : 5.
Goals for this period are 0 for ARIZONA vs 1 for DETROIT.
Shots for this period are 0 for ARIZONA vs 1 for DETROIT.